 Dungeon Crawl Stone Soup version 0.18.1-8-gdd0e5ea (webtiles) character file.

284 Hipnos the Magician (level 6, 0/42 HPs)
             Began as a Mummy Wizard on May 21, 2016.
             Slain by a human zombie (8 damage)
             ... in an ossuary.
             The game lasted 00:17:07 (3261 turns).

Hipnos the Magician (Mummy Wizard)                  Turns: 3261, Time: 00:17:08

Health: 0/42       AC:  4    Str: 11    XL:     6   Next: 7%
Magic:  1/12       EV: 12    Int: 19    God:
Gold:   223        SH:  0    Dex: 10    Spells: 4 memorised, 5 levels left

rFire  x . .     SeeInvis +     (no weapon)
rCold  + . .     Gourm    .     a - +0 robe
rNeg   + + +     Faith    .     (no shield)
rPois  ∞         Spirit   .     h - +0 helmet
rElec  .         Dismiss  .     n - +0 cloak
rCorr  .         Reflect  .     (no gloves)
SustAt .         Harm     .     (no boots)
MR     .....                    (no amulet)
Stlth  ++........               (no ring)
                                k - ring of see invisible

@: not resistant to hostile enchantments, unstealthy
A: no food or potions, fire vulnerability, cold resistance 1, negative energy
resistance 3, torment resistance, unbreathing
a: no special abilities


You were in an ossuary.
You were not hungry.

You visited 1 branch of the dungeon, and saw 5 of its levels.
You also visited: Ossuary.

You collected 223 gold pieces.

Inventory:

Armour
 a - a +0 robe (worn)
 b - a +0 hat
 h - a +0 helmet (worn)
 n - a +0 cloak (worn)
Jewellery
 k - a ring of see invisible (left hand)
Scrolls
 d - a scroll of identify
 e - a scroll of recharging {unknown}
 f - 3 scrolls of remove curse
 g - a scroll of immolation {unknown}
 i - a scroll of enchant armour {unknown}
 j - a scroll of blinking {unknown}
 l - a scroll of random uselessness {unknown}
 m - a scroll of enchant weapon {unknown}
Books
 c - a book of Minor Magic

   Spells                             Type                      Level
   a - Magic Dart                     Conjuration                  1
   b - Blink                          Translocation                2
   c - Call Imp                       Summoning                    2
   d - Repel Missiles                 Charms/Air                   2
   e - Slow                           Hexes                        2
   f - Conjure Flame                  Conjuration/Fire             3
   g - Mephitic Cloud                 Conjuration/Poison/Air       3


   Skills:
 + Level 0.6 Fighting
 + Level 1.6 Dodging
 - Level 1.5 Stealth
 + Level 4.1 Spellcasting
 - Level 1.7 Conjurations
 * Level 3.9 Summonings
 - Level 0.7 Translocations


You had 5 spell levels left.
You knew the following spells:

 Your Spells              Type           Power        Failure   Level  Hunger
a - Magic Dart            Conj           ##..         10%         1    N/A
b - Call Imp              Summ           ###.....     6%          2    N/A
c - Mephitic Cloud        Conj/Pois/Air  #.......     34%         3    N/A
d - Blink                 Tloc           N/A          17%         2    N/A

Dungeon Overview and Level Annotations

Branches:
Dungeon (5/15)
 Temple: D:4-7

Altars:
Nemelex Xobeh
Okawaru
Qazlal
Xom


Innate Abilities, Weirdness & Mutations

You do not eat or drink.
Your flesh is vulnerable to fire.
You are immune to poison.
Your flesh is cold resistant.
You are immune to negative energy.
You are immune to unholy pain and torment.
You can survive without breathing.


Message History

Your shadow imp hits the mummy but does no damage.
The big kobold zombie closely misses you.
The mummy hits your crimson imp.
Your crimson imp dies!
Your shadow imp hits the mummy but does no damage.
Your crimson imp barely misses the big kobold zombie.
Your shadow imp hits the mummy.
The human zombie hits your shadow imp but does no damage.
The mummy hits your shadow imp!
Your shadow imp dies!
Your crimson imp hits the big kobold zombie.
Your crimson imp hits the big kobold zombie.
The big kobold zombie hits you but does no damage.
Your crimson imp closely misses the big kobold zombie.
Your crimson imp barely misses the big kobold zombie.
Your crimson imp blinks!
The big kobold zombie hits you but does no damage.
Your crimson imp hits the big kobold zombie.
The human zombie hits you!
You die...

#...#
#####...#####
#...........#
##.........##
#...........#
##.........##
#.......M...#
##....5ZZ..##
#......@....#
##.........##
#...........#
##.........##
#...........#
##.........##
#...........
##.........##


You could see a mummy, a big kobold zombie, a human zombie and a friendly
crimson imp.

Vanquished Creatures
  A worker ant (D:4)
  An adder (D:4)
  2 giant cockroaches (D:2)
  A goblin (D:1)
  2 hobgoblins
  3 kobolds (D:1)
  2 bats
  3 giant newts
  3 rats (D:2)
18 creatures vanquished.

Vanquished Creatures (collateral kills)
  2 ogres
  An elf zombie (Ossuary)
  2 centaur zombies (Ossuary)
  A worker ant (D:4)
  A mummy (Ossuary)
  4 adders
  2 worms
  A dart slug (D:2)
  3 giant geckos
  4 orcs (D:3)
  3 giant cockroaches
  7 goblins
  7 hobgoblins
  8 jackals (D:2)
  3 bats
  A giant newt (D:2)
  3 goblin zombies (Ossuary)
  2 hobgoblin zombies (Ossuary)
  A kobold (D:1)
  4 orc zombies (Ossuary)
  5 rats
65 creatures vanquished.

Grand Total: 83 creatures vanquished

Notes
Turn   | Place    | Note
--------------------------------------------------------------
     0 | D:1      | Hipnos the Mummy Wizard began the quest for the Orb.
     0 | D:1      | Reached XP level 1. HP: 13/13 MP: 4/4
    52 | D:1      | Reached skill level 1 in Conjurations
   317 | D:1      | Reached XP level 2. HP: 19/19 MP: 3/6
   322 | D:1      | Learned a level 2 spell: Call Imp
   409 | D:1      | Reached skill level 1 in Summonings
  1025 | D:2      | Found an iron altar of Okawaru.
  1096 | D:2      | Reached XP level 3. HP: 23/24 MP: 2/7
  1109 | D:2      | Learned a level 3 spell: Mephitic Cloud
  1112 | D:2      | Learned a level 2 spell: Blink
  1335 | D:2      | Found a sparkling altar of Nemelex Xobeh.
  1574 | D:2      | Found a stormy altar of Qazlal.
  1933 | D:3      | Noticed an ogre
  1967 | D:3      | Killed an ogre
  1967 | D:3      | Reached XP level 4. HP: 20/30 MP: 0/8
  2040 | D:3      | Found a shimmering altar of Xom.
  2608 | D:3      | You fall through a shaft for 2 floors!
  2608 | D:5      | Entered Level 5 of the Dungeon
  2647 | D:4      | Reached XP level 5. HP: 22/35 MP: 5/10
  2685 | D:4      | Noticed an ogre
  2705 | D:4      | Killed an ogre
  2772 | D:4      | Found a sand-covered staircase.
  2782 | Ossuary  | Entered an ossuary
  3014 | Ossuary  | Reached skill level 4 in Spellcasting
  3014 | Ossuary  | Reached XP level 6. HP: 19/42 MP: 5/12
  3261 | Ossuary  | Slain by a human zombie

Skill      XL: |  1  2  3  4  5 |
---------------+----------------+-----
Conjurations   | 1 |  1.7
Summonings     | 1 2 3 |  3.9
Spellcasting   | 4 |  4.1
Fighting       | |  0.6
Dodging        | |  1.6
Stealth        | |  1.5
Translocations | |  0.7

Action                   |  1- 3 |  4- 6 || total
-------------------------+-------+-------++-------
Melee: Unarmed           |    67 |    80 ||   147
 Cast: Magic Dart        |    23 |       ||    23
       Call Imp          |    37 |    49 ||    86
  Use: Scroll            |       |     1 ||     1
 Stab: Sleeping          |     2 |     1 ||     3
       Distracted        |       |     1 ||     1
Armor: Robe              |    16 |    33 ||    49
Dodge: Dodged            |    69 |    58 ||   127
